 Dungeon Crawl Stone Soup version 0.30.1-11-g7821555f0a (webtiles) character file.

Game seed: 9821000217136743193

263 pkoi the Conjurer (level 5, -1/35 (41) HPs)
             Began as a Draconian Reaver on Nov 15, 2023.
             Slain by an ice beast (3 damage)
             ... on level 6 of the Dungeon.
             The game lasted 00:05:31 (3304 turns).

pkoi the Conjurer (Draconian Reaver)                Turns: 3304, Time: 00:05:32

HP:   -1/35 (41)    AC:  7    Str: 15    XL:     5   Next: 97%
MP:   8/8           EV: 12    Int: 15    God:
Gold: 145           SH:  0    Dex:  9    Spells: 7/8 levels left

rFire   . . .        a - +1 dagger (venom)
rCold   . . .        (no shield)
rNeg    . . .        (body armour unavailable)
rPois   .            (helmet restricted)
rElec   .            d - +1 cloak
rCorr   .            (no gloves)
SInv    .            (no boots)
Will    .....        (no amulet)
Stlth   +            (no ring)
HPRegen 0.25/turn    (no ring)
MPRegen 0.11/turn

%: no passive effects
@: heavily drained
A: AC +5, unfitting armour, cold-blooded
a: no special abilities


You were on level 6 of the Dungeon.
You visited 1 branch of the dungeon, and saw 5 of its levels.

You collected 145 gold pieces.

Inventory:

Hand Weapons
 a - a +1 dagger of venom (weapon)
Missiles
 b - 9 javelins
Armour
 d - a +1 cloak (worn)
 e - a +0 cloak
Scrolls
 c - a scroll of fog
Potions
 f - 2 potions of curing


   Skills:
 - Level 2.1 Fighting
 - Level 1.7 Dodging
 + Level 4.6 Unarmed Combat
 - Level 2.0 Spellcasting
 + Level 4.6 Conjurations
 - Level 3.0 Necromancy


You had 7 spell levels left.
You knew the following spells:

 Your Spells              Type           Power      Damage    Failure   Level
a - Kiss of Death         Conj/Necr      48%        2d9       4%          1

Your spell library contained the following spells:

 Spells                   Type           Power      Damage    Failure   Level
 Momentum Strike          Conj/Tloc      16%        3d8       13%         2
 Hailstorm                Conj/Ice       8%         3d4       26%         3


Dungeon Overview and Level Annotations

Branches:
Dungeon (4/15)
 Temple: D:4-7

Altars:
Xom

Shops:
D:1 [


Innate Abilities, Weirdness & Mutations

Your plain brown scales are hard. (AC +5)
You cannot fit into any form of body armour.
You are cold-blooded and may be slowed by cold attacks.


Message History

The ice beast is heavily wounded.
The ice beast hits you but does no damage.
You hit the ice beast but do no damage. You tail-slap the ice beast.
The ice beast is heavily wounded.
The ice beast closely misses you.
You completely miss the ice beast.
The ice beast is heavily wounded.
The ice beast hits you but does no damage.
You hit the ice beast.
The ice beast is poisoned.
You tail-slap the ice beast, but do no damage.
The ice beast is severely wounded.
The ice beast completely misses you.
You closely miss the ice beast.
The ice beast is severely wounded.
The ice beast closely misses you.
You hit the ice beast but do no damage.
The ice beast looks as sick as possible!
Your punch misses the ice beast.
The ice beast is severely wounded.
The ice beast completely misses you.
You hit the ice beast but do no damage.
The ice beast is severely wounded.
The ice beast hits you. The ice beast freezes you!
You closely miss the ice beast.
The ice beast is severely wounded.
The ice beast hits you but does no damage.
You hit the ice beast but do no damage. Your punch misses the ice beast.
The ice beast is severely wounded.
The ice beast hits you. The ice beast freezes you!
You barely miss the ice beast.
The ice beast is almost dead.
The ice beast barely misses you.
You closely miss the ice beast.
The ice beast is almost dead.
The ice beast hits you. The ice beast freezes you!
* * * LOW HITPOINT WARNING * * *
You hit the ice beast but do no damage. Your punch misses the ice beast.
The ice beast is almost dead.
The ice beast hits you.
You die...

############# #####
#...........###.!.#
####.########......#.###
.....# ##.#@..#...#
.##### ###Y#####.# .#
#...#...# .# ###.#.###
.. #...# .. ##.## ...
#.# .#. #.# .... #.#


You could see an ice beast (very poisoned, drained).

Vanquished Creatures
  An orc priest (D:3)
  2 orc wizards (D:3)
  10 adders (D:3)
  A worm (D:3)
  A dart slug (D:2)
  10 orcs (D:3)
  4 endoplasms
  8 giant cockroaches
  5 goblins
  2 hobgoblins
  2 jackals (D:2)
  2 quokkas
  15 ball pythons
  6 bats
  4 frilled lizards
  3 kobolds
  8 rats
84 creatures vanquished.

Notes
Turn   | Place    | Note
-------+----------+-------------------------------------------
     0 | D:1      | pkoi the Draconian Reaver began the quest for the Orb.
     0 | D:1      | Reached XP level 1. HP: 17/17 MP: 3/3
   234 | D:1      | Found Cuidgh's Armour Shop.
   248 | D:1      | Reached XP level 2. HP: 24/24 MP: 5/5
   909 | D:2      | Reached skill level 1 in Necromancy
   909 | D:2      | Reached XP level 3. HP: 29/29 MP: 6/6
  1304 | D:2      | Found a faded altar of an unknown god.
  1335 | D:2      | Found a shimmering altar of Xom.
  1469 | D:3      | Reached XP level 4. HP: 34/36 MP: 7/7
  1846 | D:3      | Reached XP level 5. HP: 32/41 MP: 8/8
  3234 | D:4      | You fall into a shaft and drop 2 floors!
  3279 | D:6      | Noticed an ice beast
  3304 | D:6      | Slain by an ice beast

Illustrated notes

Levels and vault maps discovered:
D:1:      saegor_arrival_simple_e, layout_loops_ring, serial_shops, shop
D:2:      layout_rooms, basic_ecumenical_altar, basic_altar
D:3:      wander_river, layout_loops_corners, minmay_snake_closets
D:4:      layout_loops_cross
D:6:      layout_loops_cross, uniq_duvessa

Skill      XL: |  1  2  3  4  5 |
---------------+----------------+-----
Necromancy     | 1 2 3 |  3.0
Unarmed Combat | 4 |  4.6
Conjurations   | 4 |  4.6
Fighting       | |  2.1
Dodging        | |  1.7
Spellcasting   | |  2.0

Action                     |  1- 3 |  4- 6 || total
---------------------------+-------+-------++-------
  Melee: Unarmed           |    59 |       ||    59
         Dagger            |    67 |   181 ||   248
         Punch             |     6 |     3 ||     9
         Tailslap          |     5 |    17 ||    22
   Cast: Kiss of Death     |       |     1 ||     1
    Use: Potion            |     2 |       ||     2
         Scroll            |     1 |     6 ||     7
   Stab: Sleeping          |       |     1 ||     1
 Armour: Skin              |    49 |    60 ||   109
  Dodge: Dodged            |    80 |    95 ||   175
